Warning! The script has encountered some errors when parsing the replay. Please report them to the . » details
0xDC, prev: 0x60: 60 DC 35 00 00 [DC] 35 00 00 2D 65 61 73 79 00
0x00, prev: 0xDC: 60 DC 35 00 00 DC 35 [00] 00 2D 65 61 73 79 00
0x2D, prev: 0x00: 60 DC 35 00 00 DC 35 00 00 [2D] 65 61 73 79 00
0x73, prev: 0x61: 60 DC 35 00 00 DC 35 00 00 2D 65 61 [73] 79 00
0x00, prev: 0x73: 60 DC 35 00 00 DC 35 00 00 2D 65 61 73 79 [00]
General information
- name: Chuika(konoha) P:|| L:17
- type: Ladder 1vs1/FFA
- host: Chuika(konoha)
- saver: cocacooler
map: aps\Download\Clan mFH - Art of Defense v4.0
- players: 3
- length: 43:53
- speed: Fast
- version: 1.23 W3XP
- replay type: Public
» download(211 KB)
Players
team 1 (winner)
Chuika(konoha) (
red | 29 APM | 1255 actions | 43:49)
» actions
| Assign group hotkey | 15 | |
| Build / train | 98 | |
| ESC pressed | 13 | |
| Enter build submenu | 23 | |
| Right click | 678 | |
| Select / deselect | 360 | |
| Select group hotkey | 28 | |
| Use ability | 39 | |
1255 total
» units
» buildings
| Barracks | 2 | |
| Farm | 9 | |
| Scout Tower | 9 | |
| Keep | 1 | |
| Lumber Mill | 1 | |
| Blacksmith | 1 | |
| Workshop | 1 | |
| Cannon Tower | 3 | |
| Arcane Sanctum | 1 | |
28 total
» build order
00:07 Barracks
00:13 Barracks
00:36 Farm
01:51 Farm
02:30 Farm
03:04 Farm
03:29 Farm
04:07 Farm
07:21 Scout Tower
07:22 Scout Tower
07:23 Scout Tower
08:16 Keep
08:29 Lumber Mill
08:33 Farm
09:47 Farm
12:43 Farm
13:50 Blacksmith
16:47 Workshop
18:07 Cannon Tower
18:44 Arcane Sanctum
20:08 Scout Tower
20:40 Scout Tower
21:20 Cannon Tower
21:27 Scout Tower
21:27 Scout Tower
22:36 Scout Tower
23:06 Scout Tower
23:36 Cannon Tower
sylarwest (
blue | 14 APM | 635 actions | 43:49)
10 Priestess of the Moon
3 Trueshot Aura
3 Searing Arrows
1 Starfall
3 Scout
» actions
| Build / train | 94 | |
| ESC pressed | 4 | |
| Enter build submenu | 39 | |
| Enter hero's abilities submenu | 10 | |
| Remove unit from queue | 3 | |
| Right click | 124 | |
| Select / deselect | 310 | |
| Use ability | 51 | |
635 total
» units
| Wisp | 30 | |
| Archer | 27 | |
| Glaive Thrower | 11 | |
| Hippogryph | 9 | |
77 total
» upgrades
| Improved Bows | 1 | |
| Vorpal Blades | 1 | |
2 total
» buildings
| Moon Well | 11 | |
| Ancient of War | 3 | |
| Hunter's Hall | 1 | |
| Altar of Elders | 1 | |
| Tree of Life | 1 | |
| Ancient Protector | 13 | |
| Tree of Ages | 1 | |
| Ancient of Wind | 1 | |
32 total
» build order
00:15 Moon Well
00:32 Ancient of War
01:14 Moon Well
01:43 Hunter's Hall
02:06 Moon Well
02:45 Altar of Elders
04:14 Tree of Life
04:41 Ancient Protector
05:23 Ancient Protector
05:33 Moon Well
05:35 Moon Well
05:46 Ancient Protector
06:24 Ancient Protector
06:29 Ancient of War
06:33 Ancient Protector
07:05 Ancient Protector
07:19 Ancient Protector
09:05 Ancient Protector
09:22 Ancient of War
10:41 Ancient Protector
11:01 Ancient Protector
11:06 Ancient Protector
12:48 Moon Well
13:45 Moon Well
14:55 Moon Well
14:59 Moon Well
16:36 Moon Well
17:45 Moon Well
18:12 Tree of Ages
19:59 Ancient of Wind
24:37 Ancient Protector
25:08 Ancient Protector

»
cocacooler (
teal | 32 APM | 1405 actions | 43:53)
1 Priestess of the Moon
1 Trueshot Aura
» actions
| Basic commands | 6 | |
| Build / train | 86 | |
| Enter build submenu | 53 | |
| Enter hero's abilities submenu | 1 | |
| Remove unit from queue | 1 | |
| Right click | 563 | |
| Select / deselect | 317 | |
| Use ability | 378 | |
1405 total
» units
| Wisp | 59 | |
| Archer | 19 | |
| Glaive Thrower | 1 | |
79 total
» upgrades
| Ultravision | 1 | |
| Improved Bows | 1 | |
| Nature's Blessing | 1 | |
3 total
» buildings
| Ancient of War | 2 | |
| Moon Well | 14 | |
| Altar of Elders | 1 | |
| Tree of Life | 4 | |
| Hunter's Hall | 2 | |
| Ancient Protector | 8 | |
| Tree of Ages | 1 | |
32 total
» build order
00:33 Ancient of War
00:52 Moon Well
00:56 Moon Well
01:51 Moon Well
02:28 Altar of Elders
03:02 Moon Well
03:35 Tree of Life
06:05 Tree of Life
07:10 Tree of Life
08:43 Moon Well
09:09 Hunter's Hall
09:50 Moon Well
10:15 Ancient Protector
10:33 Ancient Protector
10:57 Ancient Protector
11:36 Ancient Protector
16:29 Tree of Life
18:46 Moon Well
20:16 Ancient of War
20:43 Hunter's Hall
21:31 Moon Well
21:34 Moon Well
22:02 Moon Well
22:46 Moon Well
22:59 Moon Well
23:10 Tree of Ages
25:44 Ancient Protector
25:51 Moon Well
25:54 Moon Well
27:08 Ancient Protector
27:34 Ancient Protector
27:36 Ancient Protector
Chat log
(00:39 / Allies) cocacooler: бля
(00:43 / Allies) cocacooler: я ближний к центру
(00:45 / Allies) cocacooler: вот говно
(01:18 / Allies) cocacooler: как оплести рудник?
(01:29 / Allies) Chuika(konoha): 2ое дерево нуно
(01:38 / Allies) cocacooler: какое?
(01:40 / Allies) cocacooler: базовое?
(01:43 / Allies) Chuika(konoha): главное
(01:46 / Allies) Chuika(konoha): -easy
(02:08 / Allies) cocacooler: во бля
(02:38 / Allies) cocacooler: на меня первыми крипы нападут?
(02:42 / Allies) Chuika(konoha): fuf
(02:44 / Allies) Chuika(konoha): ага
(03:08 / Allies) cocacooler: отлично
(03:10 / Allies) cocacooler: бля
(04:18 / Allies) cocacooler: кто меня спасать будет?
(04:23 / Allies) Chuika(konoha): бегу
(07:03 / Allies) cocacooler: да уш
(07:24 / Allies) cocacooler: а ко ме сюда пойдут крипы?
(07:31 / Allies) Chuika(konoha): не ща
(07:31 / Allies) sylarwest: да
(07:34 / Allies) Chuika(konoha): позже
(07:45 / Allies) cocacooler: плохо(
(07:52 / Allies) cocacooler: дайте плз 60 голды
(08:01 / Allies) cocacooler: спс
(13:24 / Allies) cocacooler: черт у меня не хватает дерева на главное здание)
(14:29 / Allies) cocacooler: вяз сруби плз деревья около второго рудника
(14:35 / Allies) cocacooler: а то мне негде будет древо поставить
(15:04 / Allies) cocacooler: вяз возьми пожалуйста 1 катапульту и сруби тут деревья
(15:26 / Allies) cocacooler: алее
(15:37 / Allies) cocacooler: вяз возьми катапульту
(15:41 / Allies) cocacooler: и сруби деревья
(15:44 / Allies) cocacooler: выше рудника
(16:14 / Allies) cocacooler: ну ебать
(16:19 / All) cocacooler: ТУТ КТОНИТЬ ЕСТЬ НЕ СЛЕПОЙ?
(16:26 / Allies) cocacooler: а все
(16:28 / Allies) cocacooler: спс
(16:45 / Allies) cocacooler: можно 1 голд плз?
(17:00 / Allies) cocacooler: мне не хватает 1 голды на светлячка
(17:11 / All) cocacooler: спс
(17:30 / Allies) cocacooler: вернуть остаток?
(17:33 / Allies) Chuika(konoha): не
(17:34 / Allies) sylarwest: нет
(17:38 / Allies) cocacooler: ок спасиб
(23:36 / Allies) cocacooler: вот бля
(23:44 / Allies) cocacooler: эльфийская катапульта не рубит деревья
(25:24 / Allies) cocacooler: милые дракончики)
(26:08 / All) cocacooler: все мы трупы?\
(26:11 / Allies) Chuika(konoha): ага
(26:37 / Allies) Chuika(konoha): ы
(26:38 / Allies) cocacooler: зачем мне?
(26:39 / Allies) Chuika(konoha): ы
(26:44 / Allies) Chuika(konoha): мне тож не нуно
(28:11 / Allies) sylarwest: фил молодец
(28:23 / Allies) cocacooler: =)
(28:42 / Allies) Chuika(konoha): сюда иди
(28:45 / Allies) cocacooler: иду
(28:50 / Allies) Chuika(konoha): и стройся там
(29:03 / Allies) cocacooler: токо какбы мне незаметно опутать рудик?
(29:05 / Allies) cocacooler: упс
(29:07 / Allies) cocacooler: вот и вс
(29:16 / Allies) Chuika(konoha): у тя голды итак дохера
(29:29 / Allies) sylarwest: ты застрял
(29:33 / Allies) cocacooler: да
(30:00 / Allies) sylarwest: убежал
(30:04 / Allies) cocacooler: =)
(30:10 / Allies) Chuika(konoha): сюда дарапай
(30:12 / Allies) cocacooler: иду
(30:57 / Allies) cocacooler: а че если меня не найдут до последней волны?
(31:02 / Allies) Chuika(konoha): из леса рудник оплети
(31:05 / Allies) sylarwest: ты крут
(31:31 / Allies) cocacooler: сначала я куда чуи показывает доберусь
(31:42 / Allies) cocacooler: ток
(31:44 / Allies) cocacooler: ща подождите
(31:50 / Allies) sylarwest: оня тя доганяют
(31:53 / Allies) cocacooler: бляя
(32:10 / Allies) cocacooler: омг
(32:15 / Allies) cocacooler: врятли я некрополи убью
(32:50 / Allies) cocacooler: упс
(32:53 / Allies) sylarwest: фил засада
(33:42 / Allies) cocacooler: ай
(33:48 / Allies) sylarwest: беги
(33:57 / Allies) cocacooler: кажись они палят меня как токо я пускаю корни
(34:55 / Allies) sylarwest: убежал!
(35:05 / Allies) sylarwest: иди в конец карты
(35:09 / Allies) cocacooler: ?
(35:16 / Allies) cocacooler: туда?
(35:18 / Allies) sylarwest: до конца налево
(35:23 / Allies) cocacooler: долго(
(35:30 / Allies) sylarwest: птицы рядом
(35:33 / Allies) cocacooler: вижу
(35:43 / Allies) cocacooler: вам не надоело еще?
(36:21 / Allies) cocacooler: надо выдержать до 30 лвла
(37:03 / Allies) cocacooler: драконы странно себя ведут
(38:10 / Allies) sylarwest: беги дерево! беги!
(38:14 / Allies) cocacooler: драконы перестали двигаца?
(38:24 / Allies) Chuika(konoha): в рот мне ноги дерево бежит!!!!
(38:29 / Allies) cocacooler: XD
(38:33 / Allies) sylarwest: медленно летят
(38:40 / Allies) cocacooler: а д
(38:41 / Allies) cocacooler: да
(38:58 / Allies) cocacooler: это мой гениальный стратегический ход
(39:06 / Allies) sylarwest: за тобой бежит 1 страж
(39:10 / Allies) cocacooler: вижу
(39:17 / Allies) sylarwest: драконы идут
(39:19 / Allies) cocacooler: упс
(40:04 / Allies) cocacooler: откуда драконы знают куда лететь?
(40:20 / Allies) sylarwest: они мозг!
(40:46 / Allies) Chuika(konoha): сюда прячься
(40:52 / Allies) cocacooler: там найдут быстро
(41:02 / Allies) Chuika(konoha): удочку ищи
(41:20 / Allies) cocacooler: а почему крипы не двигаются?
(42:29 / Allies) cocacooler: аааа
(42:57 / Allies) Chuika(konoha): тут лес прогрызи
(43:23 / Allies) cocacooler: хорошая карта)
(43:37 / Allies) cocacooler: неет
(43:39 / Allies) sylarwest: герой тут